 Dungeon Crawl Stone Soup version 0.30-a0-870-gc5d4c5acee (webtiles) character file.

Game seed: 7844673467590319967

1528 cforsyth the Trooper (level 8, 0/67 HPs)
             Began as a Barachi Fighter on Mar 12, 2023.
             Slain by a howler monkey (1 damage)
             ... on level 6 of the Dungeon.
             The game lasted 00:06:57 (6074 turns).

cforsyth the Trooper (Barachi Fighter)              Turns: 6074, Time: 00:06:58

Health: 0/67       AC: 10    Str: 21    XL:     8   Next: 85%
Magic:  8/8        EV:  9    Int:  8    God:
Gold:   346        SH:  5    Dex: 11    Spells: 7/7 levels left

rFire   . . .      SeeInvis .    a - +0 war axe
rCold   . . .      Faith    .    c - +0 buckler
rNeg    . . .      Spirit   .    b - +0 scale mail
rPois   .          Reflect  .    (no helmet)
rElec   .          Rampage  .    o - +0 cloak
rCorr   .                        (no gloves)
Will    .....                    h - +0 pair of boots {Stlth+}
Stlth   +                        (no amulet)
HPRegen 0.31/turn                (no ring)
MPRegen 0.11/turn                (no ring)

@: mighty, slow
A: amphibious, slowness 1, strong legs 1, +LOS
a: Hop


You were on level 6 of the Dungeon.
You visited 1 branch of the dungeon, and saw 6 of its levels.

You collected 346 gold pieces.

Inventory:

Hand Weapons
 a - a +0 war axe (weapon)
Armour
 b - a +0 scale mail (worn)
 c - a +0 buckler (worn)
 h - a +0 pair of boots of stealth (worn)
 o - a +0 cloak (worn)
Jewellery
 r - a ring of see invisible
Wands
 s - a wand of flame (10)
Scrolls
 e - 6 scrolls of identify {unknown}
 f - 3 scrolls of enchant weapon {unknown}
 g - a scroll of amnesia {unknown}
 k - a scroll of acquirement {unknown}
 n - 2 scrolls of fog {unknown}
 p - 4 scrolls of teleportation {unknown}
 q - a scroll of enchant armour {unknown}
 x - a scroll of silence {unknown}
 y - 2 scrolls of fear {unknown}
 z - a scroll of vulnerability {unknown}
 A - a scroll of poison {unknown}
 E - 3 scrolls of noise {unknown}
Potions
 d - a potion of might
 i - 2 potions of curing {unknown}
 j - 3 potions of berserk rage {unknown}
 m - 2 potions of degeneration {unknown}
 t - a potion of experience {unknown}
 u - a potion of attraction {unknown}
 v - a potion of haste {unknown}
 w - a potion of brilliance {unknown}
 B - a potion of magic {unknown}
 C - a potion of flight {unknown}
 D - a potion of lignification {unknown}


   Skills:
 + Level 7.4 Fighting
 + Level 6.2 Axes
 + Level 7.4 Armour
 + Level 6.7 Shields


You had 7 spell levels left.
You didn't know any spells.
Your spell library contained the following spells:

 Spells                   Type           Power      Damage    Failure   Level
 Cigotuvi's Dreadful Rot  Necr/Pois/Air  0%         N/A       90%         2
 Poisonous Vapours        Pois/Air       0%         N/A       90%         2
 Mephitic Cloud           Conj/Pois/Air  0%         N/A       99%         3
 Summon Guardian Golem    Hex/Summ       0%         N/A       99%         3
 Orb of Destruction       Conj           0%         9d5       100%        7
 Spellforged Servitor     Conj/Summ      0%         N/A       100%        7


Dungeon Overview and Level Annotations

Branches:
Dungeon (6/15)
 Temple: D:4-7

Altars:

Shops:
D:3 (

Annotations:
D:3 2 transporters, NotreDorf's ghost, weakling MfRe


Innate Abilities, Weirdness & Mutations

You are amphibious.
You cover ground slowly.
You can hop short distances.
You have an extended range of vision and can be seen from far away.


Message History

* * * LOW HITPOINT WARNING * * *
The troll completely misses you. The troll claws you but does no damage.
You feel much better. The troll bites you!
* * * LOW HITPOINT WARNING * * *
The troll barely misses you. You block the troll's attack.
The howler monkey hoots and howls with incredible vigour!
You hear a bellow!
You hear a shout!
You slice the troll!!
The troll is almost dead.
The troll bites you but does no damage. The troll claws you.
* * * LOW HITPOINT WARNING * * *
The troll barely misses you. The troll bites you but does no damage.
You block the troll's attack. The troll claws you!
* * * LOW HITPOINT WARNING * * *
You feel much better. The troll bites you!
* * * LOW HITPOINT WARNING * * *
The troll barely misses you. The troll claws you.
* * * LOW HITPOINT WARNING * * *
You barely miss the troll.
The troll is severely wounded.
The troll closely misses you. The troll claws you.
* * * LOW HITPOINT WARNING * * *
The troll barely misses you.
You slash the troll!
You kill the troll!
The howler monkey hoots and howls with incredible vigour!
You hear a shout!
Your Axes skill increases to level 6!
You barely miss the howler monkey. The howler monkey hits you.
* * * LOW HITPOINT WARNING * * *
The howler monkey hits you but does no damage.
You slash the howler monkey!
The howler monkey is heavily wounded.
The howler monkey barely misses you.
You hit the howler monkey.
The howler monkey is severely wounded.
The howler monkey hits you.
* * * LOW HITPOINT WARNING * * *
The howler monkey hits you.
You die...

........# #..
...###..#### #.# #
...###...... #..T#
........# #.#.
........# #..
...###### #h# #.##
##### #.# #.#
########.h.# #T#
#.#######.......@#.#
#.#
#.........########T#
#.# ###########
#h#######.#
#.....h)..#
###########


You could see a howler monkey.

Vanquished Creatures
  A troll (D:6)
  Sigmund (D:6)
  A black bear (D:6)
  3 centaurs
  A phantom (D:5)
  2 scorpions
  2 jellies
  2 hounds
  3 sleepcaps
  3 iguanas
  Natasha (thrice) (D:4)
  An orc wizard (D:5)
  11 gnolls
  An adder (D:3)
  2 shadow imps
  A white imp (D:5)
  An ufetubus (D:5)
  3 worms
  6 dart slugs
  13 orcs
  3 endoplasms
  2 giant cockroaches
  6 goblins
  7 hobgoblins
  11 jackals
  6 kobolds
  A quokka (D:3)
  3 ball pythons
  6 bats
  A frilled lizard (D:1)
  2 rats (D:3)
109 creatures vanquished.

Vanquished Creatures (others)
  A gnoll sergeant (D:5)
1 creature vanquished.

Grand Total: 110 creatures vanquished

Notes
Turn   | Place    | Note
-------+----------+-------------------------------------------
     0 | D:1      | cforsyth the Barachi Fighter began the quest for the Orb.
     0 | D:1      | Reached XP level 1. HP: 18/18 MP: 1/1
   174 | D:1      | Reached XP level 2. HP: 25/25 MP: 2/2
   419 | D:1      | Reached XP level 3. HP: 29/30 MP: 3/3
   600 | D:2      | Found a faded altar of an unknown god.
  1258 | D:3      | Reached XP level 4. HP: 31/37 MP: 4/4
  1607 | D:3      | Found a transporter.
  1618 | D:3      | Noticed NotreDorf's ghost (weakling MfRe)
  1627 | D:3      | Found a transporter.
  1676 | D:3      | Reached XP level 5. HP: 43/43 MP: 5/5
  1709 | D:3      | Found Gurrolye's Weapon Shop.
  2463 | D:4      | Noticed Natasha
  2468 | D:4      | Killed Natasha
  2495 | D:4      | Noticed Natasha
  2506 | D:4      | Killed Natasha
  2752 | D:4      | Reached skill level 5 in Armour
  2976 | D:4      | Noticed Natasha
  2988 | D:4      | Killed Natasha
  2989 | D:4      | Reached skill level 5 in Fighting
  2989 | D:4      | Reached XP level 6. HP: 34/51 MP: 6/6
  3447 | D:5      | Entered Level 5 of the Dungeon
  3924 | D:5      | Reached skill level 5 in Shields
  3932 | D:5      | Reached XP level 7. HP: 44/56 MP: 7/7
  4176 | D:5      | Noticed a yak
  4748 | D:6      | Reached skill level 5 in Axes
  5092 | D:6      | Reached XP level 8. HP: 50/65 MP: 8/8
  5168 | D:6      | Noticed Sigmund
  5462 | D:6      | Killed Sigmund
  6041 | D:6      | Noticed a troll
  6066 | D:6      | HP: 1/67 [troll (5)]
  6071 | D:6      | Killed a troll
  6072 | D:6      | HP: 3/67 [howler monkey (5)]
  6074 | D:6      | HP: 1/67 [howler monkey (2)]
  6074 | D:6      | Slain by a howler monkey

Illustrated notes

Levels and vault maps discovered:
D:1:      shiori_shiawase, layout_loops_ring, minmay_tiny_reverse_x
D:2:      layout_loops_cross, ebering_ecumenical_altar_webs
D:3:      layout_loops_ring, gammafunk_ghost_stat_death, serial_shops,
          shop_statue, minmay_misc_feat_chi
D:4:      layout_layer_cave, uniq_natasha
D:5:      layout_rooms, lemuel_temple_firewalk_b, serial_glass, glass_columns_a,
          glass_columns_c, glass_columns_a
D:6:      layout_loops_ring, hangedman_minor_gate_pass, uniq_sigmund

Skill      XL: |  1  2  3  4  5  6  7  8 |
---------------+-------------------------+-----
Fighting       | 4 5 6 7 |  7.4
Armour         | 4 5 6 7 |  7.4
Axes           | 3 4 5 6 |  6.2
Shields        | 4 5 6 |  6.7

Action                     |  1- 3 |  4- 6 |  7- 9 || total
---------------------------+-------+-------+-------++-------
  Melee: War axe           |    94 |   140 |   179 ||   413
    Use: Potion            |       |       |     3 ||     3
 Armour: Scale mail        |    41 |    68 |   103 ||   212
  Dodge: Dodged            |    45 |    79 |   105 ||   229
  Block: Buckler           |    36 |    37 |    63 ||   136

Table legend: (Time is in decaauts)
 A = Elapsed time spent in this place.
 B = Non-inter-level travel time spent in this place.
 C = Inter-level travel time spent in this place.
 D = Time resting spent in this place.
 E = Time spent auto-exploring this place.
 F = Levels seen in this place.
 G = Mean time per level.
                   A        B        C        D        E       F      G
               +--------+--------+--------+--------+--------+-----+--------+
         Total |   6878 |   6738 |    140 |   1293 |   4276 |   6 | 1146.3 |
       Dungeon |   6878 |   6738 |    140 |   1293 |   4276 |   6 | 1146.3 |
               +--------+--------+--------+--------+--------+-----+--------+

Top non-repeatable levels by time:
     D:4: 1936 daAuts
     D:5: 1765 daAuts
     D:3: 997 daAuts
     D:6: 738 daAuts
     D:1: 722 daAuts
     D:2: 718 daAuts
